 Dungeon Crawl Stone Soup version 0.31.0-11-ge490571c62 (webtiles) character file.

Game seed: 5390542312476096322

408 qw the Skirmisher (level 6, -5/33 (35) HPs)
             Began as a Deep Elf Hunter on Feb 4, 2024.
             Was an Initiate of Okawaru.
             Slain by a mummy (13 damage)
             ... in an ossuary.
             The game lasted 00:00:11 (2737 turns).

qw the Skirmisher (Deep Elf Hunter)                 Turns: 2737, Time: 00:00:12

HP:   -5/33 (35)    AC:  5    Str: 10    XL:     6   Next: 57%
MP:   8/8           EV: 12    Int: 14    God:    Okawaru [......]
Gold: 87            SH:  0    Dex: 18    Spells: 5/5 levels left

rFire   . . .        a - +1 shortbow
rCold   . . .        (shield currently unavailable)
rNeg    . . .        d - +0 ring mail
rPois   .            (no helmet)
rElec   .            (no cloak)
rCorr   .            (no gloves)
SInv    .            (no boots)
Will    +....        (no amulet)
Stlth   +            o - ring of willpower
HPRegen 0.25/turn    (no ring)
MPRegen 0.11/turn

%: no passive effects
@: about to teleport, marked, drained
A: no striking features
a: Renounce Religion


You were in an ossuary.
You worshipped Okawaru.
Okawaru was noncommittal.
You visited 1 branch of the dungeon, and saw 4 of its levels.
You also visited: Ossuary.

You collected 171 gold pieces.
You spent 84 gold pieces at shops.


   Skills:
 - Level 2.0 Fighting
 + Level 9.4 Ranged Weapons
 - Level 4.3 Dodging
 - Level 1.2 Stealth


You had 5 spell levels left.
You didn't know any spells.
Your spell library was empty.

Inventory:

Hand Weapons
 a - a +1 shortbow (weapon)
Armour
 d - a +0 ring mail (worn)
Jewellery
 o - a ring of willpower (left hand)
Scrolls
 b - 2 scrolls of teleportation
Potions
 f - a potion of curing
 g - a potion of enlightenment
 h - a potion of mutation
 i - a potion of might
 j - a potion of haste
 k - a potion of heal wounds
 l - a potion of resistance {unknown}
 n - a potion of cancellation {unknown}

Dungeon Overview and Level Annotations

Branches:
Dungeon (4/15)            Ossuary (1/1)
 Temple: D:4-7

Altars:
Elyvilon
Okawaru
Ru
Sif Muna
Wu Jian
Zin

Shops:
D:4 ?


Message History

You shoot an arrow.
The arrow hits the weeping skull but does no damage.
The weeping skull is moderately damaged.
The gnoll zombie hits you. The weeping skull barely misses you.
You shoot an arrow. The arrow hits the weeping skull.
The weeping skull is moderately damaged.
The weeping skull touches you.
You feel drained. The gnoll zombie misses you.
You shoot an arrow.
The arrow hits the weeping skull but does no damage.
The weeping skull is moderately damaged.
The weeping skull unleashes gushing sobs.
The wave of grief passes through you.
The gnoll zombie hits you but does no damage.
The mummy barely misses you.
You shoot an arrow.
The arrow hits the weeping skull but does no damage.
The weeping skull is moderately damaged.
The weeping skull completely misses you.
The gnoll zombie barely misses you. The mummy hits you.
You shoot an arrow.
The arrow hits the weeping skull but does no damage.
The weeping skull is moderately damaged.
The weeping skull touches you.
You feel drained. The gnoll zombie hits you.
You shoot an arrow. The arrow hits the weeping skull!
The weeping skull is severely damaged.
The weeping skull's misery bubbles over.
The wave of grief passes through you. The mummy misses you.
The gnoll zombie closely misses you.
You shoot an arrow.
The arrow hits the weeping skull but does no damage.
The weeping skull is severely damaged.
The weeping skull's misery bubbles over.
The wave of grief passes through you. The mummy hits you.
The weeping skull touches you.
2737 ||| READING 3 scrolls of teleportation.
As you read the scroll of teleportation, it crumbles to dust.
You feel strangely unstable.
The gnoll zombie hits you but does no damage.
The mummy closely misses you. The mummy hits you!
You die...

###'###
##.^...## #++
##.......###..#
+.........'...#
+....}....'0#0#
+.........'MM.#
#.......###@z#
##.....##
##Z0.# ##+#'##
0### #...# .#
##.## ?. #.\.#
?. #^\.# ###
#####


You could see a weeping skull, 2 mummies and a gnoll zombie.

Vanquished Creatures
  An orc warrior (D:4)
  3 jellies
  An orc wizard (D:4)
  2 mummies
  4 gnolls (D:4)
  4 adders
  3 dart slugs
  3 orcs (D:4)
  8 ball pythons
  14 endoplasms
  2 giant cockroaches
  9 goblins
  6 hobgoblins
  3 jackals (D:2)
  2 quokkas
  7 bats
  3 frilled lizards
  12 kobolds
  An orc zombie (Ossuary)
  2 rats (D:3)
90 creatures vanquished.

Notes
Turn   | Place    | Note
-------+----------+-------------------------------------------
     0 | D:1      | qw the Deep Elf Hunter began the quest for the Orb.
     0 | D:1      | Reached XP level 1. HP: 12/12 MP: 3/3
     0 | D:1      | 0 ||| qw: Version: 0.3-a-160-g6735b56
     0 | D:1      | 0 ||| qw: Game counter: 4467
     0 | D:1      | 0 ||| qw: Melee chars always use a shield: true
     0 | D:1      | 0 ||| qw: God list: Okawaru
     0 | D:1      | 0 ||| qw: Allow faded altars: false
     0 | D:1      | 0 ||| qw: Do Orc after clearing Dungeon:15 true
     0 | D:1      | 0 ||| qw: Do second Lair branch before Depths: true
     0 | D:1      | 0 ||| qw: Lair rune preference: random
     0 | D:1      | 0 ||| qw: Goals: Normal
     0 | D:1      | 0 ||| PLANNING D:1-11
   102 | D:1      | Reached skill level 6 in Ranged Weapons
   102 | D:1      | Reached XP level 2. HP: 16/16 MP: 4/4
   401 | D:1      | 401 ||| DROPPING amulet of magic regeneration.
   402 | D:1      | 402 ||| DROPPING +6 ring of intelligence.
   403 | D:1      | 403 ||| READING scroll labelled BOTUACIKHL VAICS.
   403 | D:1      | 403 ||| IDENTIFYING pink potion
   404 | D:1      | 404 ||| READING 3 scrolls labelled CAGI TISIZEF.
   505 | D:1      | 505 ||| DRINKING 2 fuming sapphire potions.
   506 | D:1      | 506 ||| DROPPING scroll of butterflies.
   507 | D:1      | 507 ||| DROPPING potion of degeneration.
   508 | D:1      | 508 ||| DROPPING 2 scrolls of silence.
   623 | D:2      | Reached XP level 3. HP: 20/20 MP: 5/5
   685 | D:2      | Found a faded altar of an unknown god.
   893 | D:2      | Reached skill level 7 in Ranged Weapons
  1303 | D:2      | 1303 ||| READING scroll of identify.
  1303 | D:2      | 1303 ||| IDENTIFYING sapphire potion
  1304 | D:2      | 1304 ||| READING scroll labelled VOENAP FAOKKEH.
  1304 | D:2      | 1304 ||| ENCHANTING +0 shortbow.
  1305 | D:2      | 1305 ||| READING scroll labelled DEIGHU JENO.
  1308 | D:2      | 1308 ||| DRINKING 2 silvery potions.
  1333 | D:2      | 1333 ||| DRINKING 2 brown potions.
  1334 | D:2      | 1334 ||| DROPPING potion of ambrosia.
  1335 | D:2      | 1335 ||| DROPPING potion of lignification.
  1458 | D:3      | Reached XP level 4. HP: 25/25 MP: 6/6
  1993 | D:3      | Reached skill level 8 in Ranged Weapons
  2002 | D:3      | Reached XP level 5. HP: 14/29 MP: 7/7
  2065 | D:3      | Found a glowing silver altar of Zin.
  2065 | D:3      | Found a white marble altar of Elyvilon.
  2065 | D:3      | Found an ornate altar of the Wu Jian Council.
  2065 | D:3      | Found an iron altar of Okawaru.
  2065 | D:3      | Found a shimmering blue altar of Sif Muna.
  2065 | D:3      | Found a sacrificial altar of Ru.
  2066 | D:3      | 2066 ||| PLANNING OKAWARU WORSHIP
  2066 | D:3      | 2066 ||| READING scroll of identify.
  2066 | D:3      | 2066 ||| IDENTIFYING fizzy clear potion
  2067 | D:3      | 2067 ||| READING scroll labelled EVAEBE JIRAFE.
  2068 | D:3      | 2068 ||| DRINKING 2 green potions.
  2073 | D:3      | Became a worshipper of Warmaster Okawaru
  2074 | D:3      | 2074 ||| PLANNING D:1-11
  2204 | D:4      | 2204 ||| PLANNING OSSUARY
  2275 | D:4      | Found Ruyrurigh's Magic Scroll Boutique.
  2280 | D:4      | 2280 ||| BUYING scroll of teleportation (42 gold).
  2280 | D:4      | Bought a scroll of teleportation for 42 gold pieces
  2280 | D:4      | 2280 ||| BUYING scroll of teleportation (42 gold).
  2280 | D:4      | Bought a scroll of teleportation for 42 gold pieces
  2288 | D:4      | Reached skill level 9 in Ranged Weapons
  2289 | D:4      | Noticed an orc warrior
  2290 | D:4      | 2290 ||| RETREEEEATING.
  2302 | D:4      | 2302 ||| DRINKING potion of haste.
  2307 | D:4      | Killed an orc warrior
  2308 | D:4      | Reached XP level 6. HP: 24/34 MP: 8/8
  2326 | D:4      | 2326 ||| FLEEEEING.
  2327 | D:4      | 2327 ||| FLEEEEING.
  2328 | D:4      | 2328 ||| FLEEEEING.
  2329 | D:4      | 2329 ||| FLEEEEING.
  2332 | D:4      | 2332 ||| FLEEEEING.
  2675 | D:4      | Found a sand-covered staircase.
  2679 | D:4      | 2679 ||| UPGRADING to +0 ring mail.
  2689 | D:4      | 2689 ||| DROPPING +0 leather armour.
  2690 | D:4      | 2690 ||| UPGRADING to ring of willpower.
  2691 | D:4      | 2691 ||| READING 2 scrolls of identify.
  2691 | D:4      | 2691 ||| IDENTIFYING fuming brown potion
  2692 | D:4      | 2692 ||| READING scroll of identify.
  2692 | D:4      | 2692 ||| IDENTIFYING purple potion
  2693 | D:4      | 2693 ||| READING scroll labelled JUAG KIFFU.
  2694 | D:4      | 2694 ||| READING scroll labelled WISKUO IMIYCKOKU.
  2695 | D:4      | 2695 ||| READING scroll labelled UCHUAQ EMIUNE.
  2702 | Ossuary  | Entered an ossuary
  2736 | Ossuary  | HP: 8/33 [weeping skull (5)]
  2737 | Ossuary  | 2737 ||| READING 3 scrolls of teleportation.
  2737 | Ossuary  | Slain by a mummy

Levels and vault maps discovered:
D:1:      ncdulo_wetmaze, layout_rooms, minmay_small_reverse_x
D:2:      layout_loops_ring, ebering_ecumenical_altar_mist, st_stairs_5,
          minmay_3d_cube
D:3:      cheibrodos_fertilizer, layout_loops_ring
D:4:      layout_rooms, gup_ossuary_entry_pyramid, serial_shops,
          nicolae_shop_rolling_square, kennysheep_generic_room_6
Ossuary:  ossuary_crypta

Skill      XL: |  1  2  3  4  5  6 |
---------------+-------------------+-----
Ranged Weapons | 6 7 8 9 |  9.4
Dodging        | 4 |  4.3
Fighting       | 2 |  2.0
Stealth        | |  1.2

Action                     |  1- 3 |  4- 6 || total
---------------------------+-------+-------++-------
   Fire: Shortbow          |   104 |   149 ||   253
    Use: Scroll            |     5 |     8 ||    13
         Potion            |     3 |     2 ||     5
 Armour: Leather armour    |    23 |    14 ||    37
         Ring mail         |       |    16 ||    16
  Dodge: Dodged            |    28 |    37 ||    65

Table legend:
 A = Non-vault XP
 B = Vault XP
 C = Vault XP percentage of total XP
 D = Non-vault monster count
 E = Vault monster count
 F = Vault count percentage of total count
                 A         B        C        D         E       F
            +---------+---------+-------+---------+---------+-------
      Total |     421 |     162 |  27.8 |      61 |      29 |  32.2
            +---------+---------+-------+---------+---------+-------
        D:1 |      34 |       5 |  12.8 |      16 |       4 |  20.0
        D:2 |      32 |       7 |  17.9 |      12 |       4 |  25.0
        D:3 |      36 |     107 |  74.8 |      16 |      15 |  48.4
        D:4 |     319 |      24 |   7.0 |      17 |       4 |  19.0
    Ossuary |       0 |      19 | 100.0 |       0 |       2 | 100.0
            +---------+---------+-------+---------+---------+-------
